Cogmind - Beta 11.1 @@@ ROGUE MODE // 2022.07.09 @ 16:24:15 Player: Sigil Result: Destroyed by S-10 Pest with Light Assault Rifle Performance ------------- Evolutions (0) 0 Regions Visited (2) 400 Robots Destroyed (35) 175 Value Destroyed (524) 524 Prototype IDs (0) 0 Alien Tech Used (0) 0 Bonus (-144) -144 TOTAL SCORE: 955 Bonus ------- High Alert Combat Kills 36 Friendly Fire -180 Cogmind --------- Core Integrity 0/250 Matter 204/500 Energy 125/125 System Corruption 0% Temperature Cool (0) Movement Treading (160) Location -10/Mines Parts ------- > --- POWER (1) -------- Light Ion Engine > --- PROPULSION (2) --- Light Treads Light Treads > --- UTILITY (2) ------ Large Storage Unit High-capacity Matter Pod > --- WEAPON (2) ------- Autogun Mini Grenade Launcher > --- INVENTORY (15) --- Light Ion Engine Light Treads Combat Airjet Large Storage Unit Large Battery (200) Power Shielding Utility Shielding Tractor Beam Autogun Autogun Autogun Light Cannon Mini Grenade Launcher Peak State ------------ > --- POWER ------------ Light Ion Engine > --- PROPULSION ------- Aluminum Leg Aluminum Leg > --- UTILITY ---------- Medium Storage Unit Improved Light Armor Plating > --- WEAPON ----------- EM Shotgun EM Shotgun > --- INVENTORY -------- Light Treads Light Treads Light Treads Combat Airjet Combat Airjet High-capacity Matter Pod Assault Rifle Light Assault Rifle Grenade Launcher Grenade Launcher [Rating: 12] Favorites ----------- Power Light Ion Engine Engine Light Ion Engine Propulsion Aluminum Leg Treads Light Treads Leg Aluminum Leg Utility Small Storage Unit Storage Small Storage Unit Protection Improved Light Armor Plating Weapon Assault Rifle Energy Gun Small Laser Ballistic Gun Assault Rifle Ballistic Cannon Light Cannon Launcher Grenade Launcher Build | -11 -10 -10 ------- Run | Scr Mat Min Slots Evolved . | . . . Power . | . . . Propulsion . | . . . Utility . | . . . Weapon . | . . . Parts Attached 48 | 7 25 16 Power 5 | 1 2 2 Engine 5 | 1 2 2 Core . | . . . Reactor . | . . . Propulsion 10 | 2 2 6 Treads 8 | . 2 6 Leg 2 | 2 . . Wheel . | . . . Hover . | . . . Flight . | . . . Utility 5 | 2 3 . Device . | . . . Storage 4 | 1 3 . Processor . | . . . Hackware . | . . . Protection 1 | 1 . . Artifact . | . . . Weapon 28 | 2 18 8 Energy Gun 3 | 1 2 . Energy Cannon . | . . . Ballistic Gun 14 | 1 9 4 Ballistic Cannon 2 | . 2 . Launcher 9 | . 5 4 Special Weapon . | . . . Impact Weapon . | . . . Slashing Weapon . | . . . Piercing Weapon . | . . . Special Melee Weapon . | . . . Unidentified Prototypes . | . . . Parts Lost 5 | . 3 2 Power . | . . . Propulsion 3 | . 1 2 Utility 1 | . 1 . Weapon 1 | . 1 . Highest Loss Streak 3 | . 3 1 To Critical Strikes . | . . . Average Slot Usage (%) 96 | . 94 99 Engine 14 | . 14 14 Treads 22 | . 19 27 Leg 5 | . 8 . Storage 22 | . 18 28 Protection 2 | . 4 . Energy Gun 1 | . 2 . Ballistic Gun 19 | . 15 27 Ballistic Cannon 3 | . 6 . Launcher 2 | . 3 . Naked Turns . | . . . Heaviest Build 33 | 14 33 33 Greatest Support 40 | 20 40 40 Greatest Overweight (x) 1 | . 1 . Average Overweight (x) . | . . . Largest Inventory Capacity 15 | 8 15 15 Average Capacity 9 | 7 10 15 Most Carried 15 | 8 15 15 Average Carried 8 | 6 9 14 Final Capacity 15 | 8 15 15 Final Carried 15 | 8 15 13 Class Distribution -------------------- 100% | Mutant Dominant Class ---------------- Mutant | -10/Materials Mutant | -10/Mines Resources | -11 -10 -10 ----------- Run | Scr Mat Min Matter Collected 1213 | 348 493 372 Remotely . | . . . Salvage Created 986 | 150 541 295 Parts 50 | 1 34 15 Haulers Intercepted 2 | . 2 . Recyclers Shooed 3 | . 2 1 Parts Field Recycled . | . . . Retrieved Matter . | . . . Parts Self-Destructed . | . . . Prevented . | . . . Kills | -11 -10 -10 ------- Run | Scr Mat Min Combat Hostiles Destroyed 32 | 5 14 13 Guns 14 | 5 3 6 Cannons 2 | . 2 . AOE 16 | . 9 7 Classes Destroyed 8 | 2 6 . Worker 2 | . 2 . Builder 2 | . 1 1 Hauler 2 | . 2 . Recycler 6 | 1 3 2 Watcher 2 | . 2 . Swarmer 15 | . 9 6 Grunt 5 | . 5 . Assembled 12 | 5 . 7 Thug 1 | . . 1 Best Kill Streak 5 | 1 5 5 Combat Bots Only 3 | 1 3 3 Max Kills in Single Turn 4 | 1 3 4 Gunslinging 1 | . . 1 Exploded 3 | . 2 3 Melee . | . . . Uniques/NPCs Destroyed . | . . . Combat | -11 -10 -10 -------- Run | Scr Mat Min Damage Taken 1787 | 300 616 871 Core 254 | 45 130 79 Absorbed by Shields . | . . . Core Remaining (%) 82 | 82 . . Volleys Fired 104 | 26 44 34 Largest 2 | 2 2 2 Hottest 90 | 60 90 58 Shots Fired 184 | 47 78 59 Gun 148 | 47 52 49 Cannon 16 | . 15 1 Launcher 20 | . 11 9 Special . | . . . Kinetic 139 | 26 63 50 Thermal 21 | 21 . . Explosive 20 | . 11 9 Electromagnetic 4 | . 4 . Robot Hit Streak 8 | 7 7 8 Robot Miss Streak 4 | 3 4 4 Penetration Max . | . . . Secondary Targets 2 | . . 2 Max Gunslinging Chain 1 | . . 1 Shots Hit Robots 93 | 26 37 30 Core Hits 68 | 11 29 28 Critical Kills . | . . . Critical Parts Destroyed . | . . . Critical Strikes 1 | . 1 . Blast 1 | . 1 . Melee Attacks . | . . . Impact . | . . . Slashing . | . . . Piercing . | . . . Sneak Attacks . | . . . Combat Hostiles . | . . . Follow-up Attacks . | . . . Damage Inflicted 2644 | 277 1221 1146 Guns 1054 | 277 332 445 Cannons 162 | . 162 . Explosions 1428 | . 727 701 Melee . | . . . Ramming . | . . . Kinetic 1073 | 156 472 445 Thermal 121 | 121 . . Explosive 1428 | . 727 701 Electromagnetic 22 | . 22 . Impact . | . . . Slashing . | . . . Piercing . | . . . Highest Corruption . | . . . Average Corruption . | . . . Corruption Purged . | . . . Corruption Blocked . | . . . Overload Shots . | . . . Overflow Damage 138 | . 120 18 Projectiles . | . . . Explosions 138 | . 120 18 Melee . | . . . Knockbacks 2 | . 2 . Impact . | . . . Kinetic 2 | . 2 . Secondary . | . . . Self-Inflicted Damage 317 | . 188 129 Shots 7 | . 3 4 Rammed . | . . . Targets Rammed . | . . . Kicked . | . . . Crushed . | . . . Highest Temperature 36 | 30 36 18 Average Temperature 9 | 11 9 6 Received Heat Transfer 80 | . 60 20 Siege Activations . | . . . Robots Corrupted . | . . . Combat Hostiles . | . . . Parts Fried . | . . . Impact Corruptions . | . . . Robots Melted . | . . . Combat Hostiles . | . . . Parts Melted . | . . . Heat Transferred 275 | 275 . . Parts Sabotaged . | . . . Parts Stolen . | . . . Parts Stripped . | . . . Power Chain Reactions . | . . . Missiles Intercepted . | . . . Alert | -11 -10 -10 ------- Run | Scr Mat Min Peak Influence 592 | 15 592 384 Initial 142 | . . 142 Average 146 | . 385 259 Maximum Alert Level 2 | . 2 1 Low Security (%) 65 | 100 13 34 Level 1 16 | . 23 65 Level 2 17 | . 63 . Level 3 . | . . . Level 4 . | . . . Level 5 . | . . . High Security . | . . . Max Security . | . . . Squads Dispatched 3 | . 3 . Investigation 1 | . 1 . Extermination . | . . . Reinforcement 2 | . 2 . Assault . | . . . Garrison . | . . . Intercept . | . . . Searches Triggered . | . . . Construction Impeded . | . . . Haulers Reinforced . | . . . Active Scanning Responses . | . . . Cargo Convoy Interrupts . | . . . Stealth | -11 -10 -10 --------- Run | Scr Mat Min Distress Signals 2 | . 2 . Communications Jammed . | . . . Distress Signals . | . . . Times Spotted 57 | 6 19 32 Peak Tracking Total 18 | 1 6 18 Tactical Retreats 5 | 1 1 3 Traps | -11 -10 -10 ------- Run | Scr Mat Min Traps Triggered 3 | . 3 . Indirectly . | . . . Trap Hack Attempts . | . . . Triggered . | . . . Disarmed . | . . . Reprogrammed . | . . . Reused . | . . . Traps Extracted . | . . . Installed . | . . . Triggered . | . . . Machines | -11 -10 -10 ---------- Run | Scr Mat Min Machines Disabled 13 | . 10 3 Max in Single Turn 3 | . 3 1 Machines Sabotaged . | . . . Garrisons Compromised . | . . . Overloaded Fab Kills . | . . . Hacking | -11 -10 -10 --------- Run | Scr Mat Min Machines Accessed 4 | . 4 . Terminals 4 | . 4 . Fabricators . | . . . Repair Stations . | . . . Recycling Units . | . . . Scanalyzers . | . . . Garrison Access . | . . . Total Hacks 12 | . 12 . Successful 6 | . 6 . Failed 6 | . 6 . Catastrophic . | . . . Database Lockouts . | . . . Manual 10 | . 10 . Terminals 12 | . 12 . Fabricators . | . . . Repair Stations . | . . . Recycling Units . | . . . Scanalyzers . | . . . Garrison Access . | . . . Terminal Hacks 2 | . 2 . Record 2 | . 2 . Fabricator Hacks . | . . . Repair Station Hacks . | . . . Recycling Unit Hacks . | . . . Scanalyzer . | . . . Garrison Access Hacks . | . . . Unauthorized Hacks 4 | . 4 . Terminals 4 | . 4 . Assimilate 1 | . 1 . Botnet 2 | . 2 . Operators 1 | . 1 . Fabricators . | . . . Repair Stations . | . . . Recycling Units . | . . . Scanalyzers . | . . . Garrison Access . | . . . Data Cores Recovered . | . . . Used . | . . . Hacking Detections 4 | . 4 . Full Trace Events . | . . . Feedback Events . | . . . Feedback Blocked . | . . . Robot Schematics Acquired . | . . . Robots Built . | . . . Authchips . | . . . Time . | . . . Total Robot Build Rating . | . . . Part Schematics Acquired . | . . . Parts Built . | . . . Authchips . | . . . Time . | . . . Total Part Build Rating . | . . . Parts Repaired . | . . . Time . | . . . Parts Recycled . | . . . Recycled Matter . | . . . Retrieved Matter . | . . . Retrieved Components . | . . . Parts Scanalyzed . | . . . Part Schematics Acquired . | . . . Parts Damaged . | . . . Bothacking | -11 -10 -10 ------------ Run | Scr Mat Min Used RIF Installer . | . . . Robots Hacked . | . . . Non-combat . | . . . Combat . | . . . Robot Hacks Applied . | . . . Relay Couplers Released . | . . . Fabnet Peak Effective % . | . . . Robots Rewired . | . . . Allies Hacked . | . . . Hacks Repelled . | . . . Allies | -11 -10 -10 -------- Run | Scr Mat Min Total Allies 3 | . . 3 Largest Group 3 | . . 3 Highest-Rated Group 40 | . . 40 Highest-Rated Ally 16 | . . 16 Total Orders . | . . . Ally Attacks 20 | . . 20 Total Damage 213 | . . 213 Kills 4 | . . 4 Allies Corrupted . | . . . Allies Melted . | . . . Intel | -11 -10 -10 ------- Run | Scr Mat Min Robot Analysis Total . | . . . Derelict Logs Recovered 1 | . . 1 Drone Launches . | . . . Drone Recoveries . | . . . Exploration | -11 -10 -10 ------------- Run | Scr Mat Min Turns Passed 4549 | 2583 1238 728 Spaces Moved 1779 | 709 692 378 Core 16 | 16 . . Treads 849 | . 471 378 Legs 914 | 693 221 . Wheels . | . . . Hover . | . . . Flight . | . . . Fastest Speed 50 | 50 120 160 Average Speed 139 | 118 150 160 Slowest Speed 190 | 120 190 160 Overloaded Moves . | . . . Propulsion Burnouts . | . . . Robots Hopped . | . . . Cave-ins Triggered . | . . . Exploration Rate (%) 70 | 64 85 63 Regions Visited 2 Branch Regions 1 Pre-discovered Areas . | . . . Known Exits Taken . | . . . Unknown Exits Taken 2 | 1 1 . Scrap Searched 3 | . . 3 Spaces Dug 9 | . 9 . Terrain Destroyed 174 | . 80 94 Melee . | . . . Projectile . | . . . AOE 174 | . 80 94 Terrain Rammed . | . . . Walls Destroyed . | . . . Machines Disabled . | . . . Actions | -11 -10 -10 --------- Run | Scr Mat Min Total 3671 | 2403 814 454 Wait 1669 | 1649 10 10 Move 1777 | 708 691 378 Hop . | . . . Pick Up 43 | 11 25 7 Fast Attach 7 | 6 1 . Attach 6 | 1 3 2 Detach . | . . . Swap 35 | . 21 14 Drop 30 | 2 19 9 Fire 104 | 26 44 34 Melee . | . . . Ram . | . . . Kick . | . . . Crush . | . . . Escape Stasis . | . . . Rewire . | . . . Trap . | . . . Miscellaneous . | . . . Route ------- -11/Scrapyard -10/Materials (discovered 4 exits: [*Mat x3] / [*Min]) -10/Mines History --------- Turn | Location | Event 5 | -11/Scrapyard | Discovered new exit (range 15) 1571 | -11/Scrapyard | Assembled infested the area 2584 | -11/Scrapyard | Entered Materials 2585 | -10/Materials | Build established: Mutant 2859 | -10/Materials | Discovered new exit (range 12) 2863 | -10/Materials | Discovered new exit (range 10) 2994 | -10/Materials | Lost 3 parts (1n1u1w) 3009 | -10/Materials | Discovered new exit (range 15) 3045 | -10/Materials | Core integrity fell below 50% 3447 | -10/Materials | Discovered new exit (range 13) 3822 | -10/Materials | Entered Mines 4105 | -10/Mines | Learned Materials security intel 4229 | -10/Mines | Assisted by bots powering up and referring to "LRC-V3" 4294 | -10/Mines | Joined a pair of Derelicts in attacking an 0b10 outpost 4388 | -10/Mines | Assembled infested the area 4393 | -10/Mines | Assisted by a Guerilla fighting off Assembled 4466 | -10/Mines | Core integrity fell below 20% 4550 | -10/Mines | Destroyed by S-10 Pest with Light Assault Rifle Last Messages --------------- 04400_ HV Slug penetrates Mercenary 1a. 04401_ as-68527 destroyed. 04404_ as-78954 destroyed. 04404_ Switching to secondary target: as-70586. 04404_ Trooper 1b destroyed. 04407_ as-11059 destroyed. 04466_ Destroyed Asb. Hover Unit. 04468_ as-88135 destroyed. 04469_ Lgt. Treads destroyed. 04478_ The unstable cave ceiling collapses. 04491_ as-54397 destroyed. 04491_ Switching to secondary target: as-50445. 04491_ as-50445 destroyed. 04494_ as-70586 destroyed. 04517_ Lgt. Treads destroyed. 04520_ as-96042 destroyed. 04528_ as-13442 destroyed. 04534_ Acquired 14 matter. 04535_ Acquired 15 matter. 04548_ Seismic Survey Station disabled. Map ----- +----------------------------------------------------+ | ?## ########?????????? | | ??# ##????????????????? | | ??# ######????????????????? | | ??# ### #????????????????? | | ??## ##?# ###############??? | | ???## #??# #??? | | ????# #??# ######## #??? | | ????# #### #??????# #### | | ????# ##??????# | | ????# # #??????##### | | ????####### # #??????????# | | ??????????# ???????????# | | ??????????? # ####???????## | | ?????????### ######## | | ?????????# # #### | | ?????????# ####???####### | | ?????###?# ??????????## | | ????## ## # # #????????????## | | ????# # # #?????????????# | | ????# ## #???????????????? | | ????# ####%##???????????????? | | ????# ### #????????????????? | | ?????# #????????????????? | | ????## ####????????????????? | | ????# ##???????????????????? | | ????# @ ##????????????????????? | | ???# #?????????????????????? | | ???# #?????????????????????? | | ??# #?????????????????????? | | ??# #?????????????????????? | | ??## #?????????????????????? | | ???# #?????????????????????? | | ???## s #?????????????????????? | | ????## s ???????????????# # | | ????? #????????????????# | | ?????# ##???????????????????### | | ????? s ???????????????????????? | | ????? ???????????????????????? | | ????? "???????????????????????? | | ????? "???????????????????????? | | ????? ????????????????????????? | | ???????????????????????????????? | | ???????????????????????????????? | | ???????????????????????????????? | | ???????????????????????????????? | | ???????????????????????????????? | | ???????????????????????????????? | | ???????????????????????????????? | | ???????????????????????????????? | | ???????????????????????????????? | +----------------------------------------------------+ Best States ------------- Heat Dissipation 25 Energy Generation 10 Energy Capacity 125 Matter Stores 427 Matter Capacity 500 Sight Range 16 Terrain Scan Density 10 Armor Coverage 150 Evasion (%) 55 Recoil Reduction 2 Item Schematics ----------------- None Robot Schematics ------------------ None Fabricated ------------ Nothing Alien Tech Used ----------------- None Achievements -------------- None Challenges ------------ None Game ------ Seed BiomechanicalThermalInjector Manual? 0 Play Time 00:35:01 Cumulative 46.3 hours Start 2022.07.09 @ 15:40:43 End 2022.07.09 @ 16:24:15 Sessions 1 Manual Loads 0 Difficulty Rogue Special Mode None Game No. 38 Rogue 38 Adventurer 0 Explorer 0 Win Type - Total 0 Types 0/0/0/0/0/0/0/0/0 Lore% 41 Gallery% 44 Achievement% 46 Wizard Run 0 Options --------- ASCII 0 Keyboard 0 Movement Numpad Keybinds 0 Fullscreen 1 Font 36/Smallcaps Map View 76x50 Tactical HUD 1 Map Filters NONE Filters NONE Steam 1 RUN: 9c24e441-c7ba-4482-990c-fb68353ede15